[Event "Team 45 45 League T31"]
[Site "Internet Chess Club"]
[Date "2006.07.25"]
[Round "5"]
[White "searchforbobby1"]
[Black "NotSoGreat"]
[Result "1/2-1/2"]
[WhiteElo "2091"]
[BlackElo "2319"]
[TimeControl "2700+45"]

1. e4 c5 2. c3 Nf6 3. e5 Nd5 4. Nf3 Nc6 5. Bc4 Nb6 6. Be2 d6 7. exd6 e5 8. d4
cxd4 9. cxd4 e4 10. Ng5 Qxd6 11. Nxe4 Qxd4 12. Nbc3 Bf5 13. Ng3 Qxd1+ 14. Bxd1
Bd3 15. Be2 Bxe2 16. Ngxe2 O-O-O 17. O-O Nc4 18. b3 N4e5 19. Be3 Bb4 20. a3 Bxc3
21. Nxc3 Nd3 22. b4 a6 23. b5 axb5 24. Nxb5 Rhe8 25. Na7+ Nxa7 26. Bxa7 Re2 27.
Rfd1 Rc2 28. Be3 f5 29. g3 h5 30. Rd2 Rxd2 31. Bxd2 Rd6 32. Be3 b5 33. Rb1 Rd5
34. Kf1 Ne5 35. Rb3 Nc4 36. Ke2 Kc7 37. h4 Kc6 38. Rc3 Rd8 39. a4 Re8 40. axb5+
Kxb5 41. Rd3 Kc6 42. Rd1 Re7 43. Kf3 Nxe3 {Game drawn by mutual agreement}
1/2-1/2  aics%

[Event "Team 45 45 League T31"]
[Site "Internet Chess Club"]
[Date "2006.07.23"]
[Round "5"]
[White "billarvola"]
[Black "nightly"]
[Result "1/2-1/2"]
[WhiteElo "1987"]
[BlackElo "1931"]
[TimeControl "2700+45"]

1. d4 d5 2. c4 e6 3. Nf3 Nf6 4. Nc3 c6 5. Qb3 Be7 6. g3 b6 7. cxd5 cxd5 8. Bg2
Ba6 9. Ne5 O-O 10. O-O Bb7 11. Bg5 Nc6 12. Nxc6 Bxc6 13. Rac1 Rc8 14. Rfd1 h6
15. Bf4 Bd6 16. Bxd6 Qxd6 17. e3 Qd7 18. Qa3 Rc7 19. Bf1 Rfc8 20. Ba6 Bb7 21.
Bxb7 Rxb7 22. Ne2 Rbc7 23. Rxc7 Rxc7 24. Rc1 Ne4 25. Rxc7 Qxc7 26. Nc3 Nxc3 27.
bxc3 {Game drawn by mutual agreement} 1/2-1/2  aics%

[Event "Team 45 45 League T31"]
[Site "Internet Chess Club"]
[Date "2006.07.25"]
[Round "5"]
[White "PaulKaspar"]
[Black "kabindra"]
[Result "1-0"]
[WhiteElo "1895"]
[BlackElo "1840"]
[TimeControl "2700+45"]

1. e4 e5 2. Nf3 Nc6 3. Bb5 a6 4. Ba4 Nf6 5. d3 Be7 6. c3 h6 7. Bxc6 dxc6 8. Nxe5
Bd6 9. Nc4 O-O 10. O-O Bxh2+ 11. Kxh2 Ng4+ 12. Kg1 Qh4 13. Bf4 f5 14. Bg3 Qh5
15. exf5 Bxf5 16. Ne3 Rad8 17. d4 c5 18. d5 Qg6 19. Nxf5 Rxf5 20. c4 Rdf8 21.
Qd2 h5 22. Nc3 Qh7 23. f3 h4 24. Bxc7 Nf6 25. Rae1 Nh5 26. Bh2 Ng3 27. Rf2 Rf4
28. b3 Qg6 29. Ne2 Rxf3 30. Rxf3 Rxf3 31. Nxg3 Rd3 32. Re6 hxg3 33. Rxg6 gxh2+
34. Kxh2 Rxd2 35. Rb6 Rxa2 36. Rxb7 Kf8 37. Rc7 Rb2 38. Rxc5 Rxb3 39. Ra5 Rc3
40. c5 Rd3 41. d6 Rc3 42. Rxa6 Rxc5 43. d7 Ke7 44. Ra7 Kd8 45. Kg3 Rc4 46. Ra8+
Kxd7 47. Rg8 Ke6 48. Rxg7 Kf5 49. Kh3 Kf6 50. Rg4 Rc3+ 51. Kh4 Rc1 52. Kh5 Rh1+
53. Rh4 Ra1 54. Kh6 Rf1 55. g4 Rg1 56. Kh5 Rg2 57. Rh1 Rf2 58. Kh6 Rg2 59. Rf1+
Ke7 60. g5 Rh2+ 61. Kg7 Re2 62. g6 Re3 63. Kg8 Ke8 64. g7 Ke7 65. Rh1 Kf6 66.
Kh7 Re7 67. Rf1+ Kg5 68. Kh8 {Black resigns} 1-0  aics%

[Event "Team 45 45 League T31"]
[Site "Internet Chess Club"]
[Date "2006.07.21"]
[Round "5"]
[White "The-Rookie"]
[Black "viking99"]
[Result "1-0"]
[WhiteElo "1762"]
[BlackElo "1800"]
[TimeControl "2700+45"]

1. e4 e6 2. d4 d5 3. Nc3 Nf6 4. Bg5 Be7 5. e5 Nfd7 6. Bxe7 Qxe7 7. f4 O-O 8. Bd3
f5 9. exf6 Qxf6 10. Nf3 c5 11. dxc5 Nxc5 12. g3 Nxd3+ 13. Qxd3 Nc6 14. O-O-O a5
15. Rhe1 Nb4 16. Qe3 Ra6 17. a3 Nc6 18. Nb5 Nd8 19. Ne5 Nf7 20. Nd4 Nxe5 21.
Qxe5 Qxe5 22. Rxe5 g6 23. Rde1 Kf7 24. Nf3 h6 25. R5e3 Kf6 26. Ne5 Rd6 27. Rc3
Bd7 28. Rc5 Ra8 29. Rc7 Rd8 30. Rxb7 g5 31. Ra7 gxf4 32. gxf4 a4 33. Nxd7+ R8xd7
34. Rxa4 Kf5 35. Re5+ Kf6 36. Ra8 d4 37. Kd2 d3 38. b4 dxc2+ 39. Kxc2 Rc7+ 40.
Rc5 Rxc5+ 41. bxc5 Rc6 42. Ra5 Kf5 43. Kc3 Kxf4 44. Kc4 e5 45. Kd5 Rc8 46. Ra4+
Kf5 47. Kd6 e4 48. c6 e3 49. Rb4 e2 50. Rb1 Rd8+ 51. Kc5 Rd1 52. c7 e1=Q 53.
c8=Q+ Kg5 54. Qg8+ Kh5 55. Qf7+ Kg5 56. h4+ Kg4 57. Rb4+ Kh3 58. Rb3+ Kh2 59.
Qf4+ Kg2 60. Qg4+ Kf1 61. Rf3+ Ke2 62. Qg2+ {Black resigns} 1-0  aics%

[Event "Team 45 45 League T31"]
[Site "Internet Chess Club"]
[Date "2006.07.22"]
[Round "5"]
[White "Klampin"]
[Black "narog"]
[Result "1-0"]
[WhiteElo "1901"]
[BlackElo "2004"]
[TimeControl "2700+45"]

1. d4 f5 2. g3 Nf6 3. Bg2 e6 4. c4 g6 5. Nc3 Bg7 6. Nh3 O-O 7. Bf4 h6 8. Qd2 g5
9. Be5 d6 10. Bxf6 Qxf6 11. O-O-O c6 12. f4 g4 13. Nf2 Bd7 14. e4 Qf7 15. e5 d5
16. c5 b6 17. Nd3 Na6 18. Na4 Rab8 19. h3 h5 20. hxg4 hxg4 21. Kb1 Qe7 22. Rc1
Rfc8 23. b3 Be8 24. Nab2 bxc5 25. Qa5 Qb7 26. Nxc5 Nxc5 27. Qxc5 Bf8 28. Rh8+
Kxh8 29. Qxf8+ Kh7 30. Rh1+ Kg6 31. Rh6# {Black checkmated} 1-0  aics%

[Event "Team 45 45 League T31"]
[Site "Internet Chess Club"]
[Date "2006.07.22"]
[Round "5"]
[White "RingLord"]
[Black "Kenzo2"]
[Result "1-0"]
[WhiteElo "1696"]
[BlackElo "1603"]
[TimeControl "2700+45"]

1. e4 d6 2. d4 Nf6 3. Bd3 g6 4. Qe2 Bg7 5. Nf3 a6 6. O-O O-O 7. e5 dxe5 8. dxe5
Ne8 9. Rd1 Bd7 10. e6 fxe6 11. Bc4 Qc8 12. Ng5 b5 13. Bxe6+ Bxe6 14. Qxe6+ Qxe6
15. Nxe6 Rf6 16. Nxg7 Kxg7 17. b3 Rd6 18. Bb2+ Kf7 19. Nc3 Nc6 20. Ne4 Rxd1+ 21.
Rxd1 Rd8 22. Rxd8 Nxd8 23. Ng5+ Kg8 24. f4 Nd6 25. Kf2 h6 26. Nf3 Ne6 27. g3 c5
28. Ne5 Nf8 29. c4 h5 30. cxb5 axb5 31. Ke3 c4 32. bxc4 Nxc4+ 33. Nxc4 bxc4 34.
Kd4 Kf7 35. Kxc4 Ke6 36. Kb5 Kd6 37. Be5+ Kd7 38. a4 Kc8 39. Kb6 Nd7+ 40. Kc6 g5
41. a5 gxf4 42. gxf4 {Black resigns} 1-0  aics%

[Event "Team 45 45 League T31"]
[Site "Internet Chess Club"]
[Date "2006.07.21"]
[Round "5"]
[White "Attacktics"]
[Black "jacknor"]
[Result "0-1"]
[WhiteElo "1348"]
[BlackElo "1568"]
[TimeControl "2700+45"]

1. e4 e6 2. d4 d5 3. e5 c5 4. Nf3 cxd4 5. Nxd4 Ne7 6. Bd3 Nbc6 7. Nxc6 bxc6 8.
O-O Ng6 9. Re1 Be7 10. Bxg6 hxg6 11. Be3 c5 12. Nd2 Rb8 13. Rb1 g5 14. f3 Qc7
15. Nf1 Qxe5 16. Bxc5 Qf6 17. Bxa7 Rxb2 18. Rxb2 Qxb2 19. Qb1 Qxb1 20. Rxb1 O-O
21. Rb8 Bd6 22. Rb3 Ba6 23. Rb6 Bc5+ 24. Kh1 Bxb6 25. Bxb6 Bxf1 {White resigns}
0-1  aics%

[Event "Team 45 45 League T31"]
[Site "Internet Chess Club"]
[Date "2006.07.20"]
[Round "5"]
[White "Fogbound"]
[Black "vhuffst"]
[Result "0-1"]
[WhiteElo "1271"]
[BlackElo "1439"]
[TimeControl "2700+45"]

1. d4 Nf6 2. Nf3 e6 3. Bg5 h6 4. Bh4 d5 5. e3 c5 6. c3 Nc6 7. Bd3 c4 8. Bc2 Bd6
9. Nbd2 Qb6 10. O-O Qxb2 11. e4 g5 12. e5 gxh4 13. exd6 Qxc3 14. Ne5 Nxd4 15.
Ba4+ b5 16. Bxb5+ Nxb5 17. Qa4 Qxe5 18. Qxb5+ Bd7 19. Qa6 Rg8 20. Nf3 Qe4 21. h3
Qxf3 {White resigns} 0-1  aics%

[Event "Team 45 45 League T31"]
[Site "Internet Chess Club"]
[Date "2006.07.23"]
[Round "5"]
[White "rayngrant"]
[Black "bondguy01"]
[Result "1-0"]
[WhiteElo "1643"]
[BlackElo "1662"]
[TimeControl "2700+45"]

1. e4 e6 2. d4 d5 3. Nc3 Bb4 4. Bd3 dxe4 5. Bxe4 Nf6 6. Bg5 h6 7. Bxf6 Qxf6 8.
Ne2 O-O 9. O-O a6 10. Qd3 Nc6 11. Bxc6 bxc6 12. Ne4 Qd8 13. a3 Be7 14. b4 e5 15.
dxe5 a5 16. bxa5 Rxa5 17. Qc3 Rd5 18. f4 Bf5 19. N2g3 Bc8 20. Qxc6 f5 21. c4 Rd4
22. Nc3 Bd7 23. Qa6 Bc5 24. Kh1 Bc8 25. Qb5 Bb6 26. Rad1 Rd3 27. Rxd3 Qxd3 28.
Qd5+ Qxd5 29. Nxd5 Bc5 30. Nxc7 Bxa3 31. Ra1 Bc5 32. Ra8 Bd7 33. Rxf8+ Bxf8 34.
e6 Bc6 35. Nxf5 Bc5 36. Na6 Be4 37. e7 Kf7 38. Nxg7 Bxe7 39. Nh5 Bd3 40. Nb4
Bxc4 41. Nc6 Be2 42. Ng3 Bb5 43. Nxe7 Kxe7 44. Nf5+ Kf6 45. Nxh6 Bc6 46. Kg1 Kg6
47. Ng8 Kf7 48. Nh6+ Kg6 49. Ng4 Kf5 50. Ne5 Be8 51. g3 Bh5 52. Kf2 Bd1 53. Ke3
Kf6 54. g4 Bc2 55. h4 {Black resigns} 1-0  aics%

[Event "Team 45 45 League T31"]
[Site "Internet Chess Club"]
[Date "2006.07.24"]
[Round "5"]
[White "RD1974"]
[Black "NESKAYA"]
[Result "1-0"]
[WhiteElo "1658"]
[BlackElo "1601"]
[TimeControl "2700+45"]

1. e4 e5 2. Bc4 Nf6 3. d3 d6 4. Nc3 Be7 5. f4 Bg4 6. Nf3 O-O 7. h3 Bxf3 8. Qxf3
c6 9. g4 b5 10. Bb3 exf4 11. Bxf4 Nfd7 12. d4 a5 13. a4 b4 14. Ne2 Nb6 15. O-O-O
Bg5 16. Bxg5 Qxg5+ 17. Kb1 N8d7 18. h4 Qf6 19. Nf4 c5 20. g5 Qe7 21. Nd5 Nxd5
22. Bxd5 Rac8 23. h5 Qxg5 24. Rdg1 Qf6 25. Qg4 Rc7 26. dxc5 dxc5 27. Rf1 Qh6 28.
e5 Nxe5 29. Qg3 Re7 30. Rf5 Qd6 31. Rg1 g6 32. hxg6 Qxg6 33. Rg5 Kh8 34. Rxg6
fxg6 35. Qg5 Ree8 36. Qg2 Nd7 37. Rf1 Nf6 38. Bc4 Nh5 39. Rxf8+ Rxf8 40. Qc6 Rf5
41. Qe8+ Kg7 42. Qb5 Nf6 43. Bd3 Re5 44. Qxa5 Nd5 45. Qa7+ Kh6 46. a5 Kg5 47. a6
h5 48. Qg7 Re6 49. a7 b3 50. cxb3 Nb4 51. Qxg6+ Rxg6 52. Bxg6 Kxg6 53. a8=Q
{Black resigns} 1-0  aics%

[Event "Team 45 45 League T31"]
[Site "Internet Chess Club"]
[Date "2006.07.29"]
[Round "5"]
[White "mfunk"]
[Black "clarinetref"]
[Result "1-0"]
[WhiteElo "1632"]
[BlackElo "1517"]
[TimeControl "2700+45"]

1. d4 Nf6 2. c4 g6 3. Nc3 Bg7 4. Nf3 d6 5. e4 O-O 6. Be3 Ng4 7. Bg5 c5 8. d5 Re8
9. Qd2 Nd7 10. Bd3 Nge5 11. Nxe5 Nxe5 12. f4 Nxd3+ 13. Qxd3 Bf6 14. Bxf6 exf6
15. O-O Bd7 16. Rae1 a6 17. Qg3 f5 18. e5 Qc7 19. Rf2 Re7 20. Rfe2 Rae8 21. Nb1
b5 22. b3 bxc4 23. bxc4 Bc8 24. h4 a5 25. h5 Ba6 26. Na3 Qb6 27. Rb1 Qd8 28. h6
Rb7 29. Rxb7 Bxb7 30. Nb5 Ba6 31. Nxd6 Re7 32. Qg5 Rd7 33. Qxd8+ Rxd8 34. Rb2
Kf8 35. Rb6 Bxc4 36. Nxc4 Rxd5 37. Rd6 Rd4 38. Rxd4 cxd4 39. Kf2 Ke7 40. Ke2 Ke6
41. Kd3 Kd5 42. Nxa5 g5 43. g3 gxf4 44. gxf4 Kc5 45. Nc4 Kd5 46. a4 Kc5 47. a5
{Black resigns} 1-0  aics%

[Event "Team 45 45 League T31"]
[Site "Internet Chess Club"]
[Date "2006.07.23"]
[Round "5"]
[White "Just-Jim"]
[Black "cwberkey"]
[Result "0-1"]
[WhiteElo "1362"]
[BlackElo "1555"]
[TimeControl "2700+45"]

1. e4 g6 2. c4 Bg7 3. Nc3 d6 4. Nf3 b6 5. h3 c5 6. d3 Nd7 7. Qa4 Nf6 8. Nd5 Nxd5
9. cxd5 b5 10. Qb3 O-O 11. Be2 a5 12. Bf4 a4 13. Qc2 a3 14. Bc1 Qa5+ 15. Nd2 e6
16. dxe6 fxe6 17. O-O Bb7 18. Nb3 Qa7 19. Bg4 Rae8 20. Rb1 Qa4 21. bxa3 c4 22.
dxc4 bxc4 23. Na1 Qxc2 24. Nxc2 Bxe4 25. Rb7 Bxb7 26. Re1 Nc5 27. Bf4 e5 28. Be3
Nd3 29. Re2 d5 30. Bg5 e4 31. Bd7 Re5 32. Be3 Bc8 33. Bc6 Re6 34. Bxd5 Re8 35.
Bxc4 Bb7 36. Bxe6+ Rxe6 37. Bd4 Nc1 38. Rd2 Rd6 39. Rd1 Ne2+ 40. Kh2 Nxd4 {White
resigns} 0-1  aics%

[Event "Team 45 45 League T31"]
[Site "Internet Chess Club"]
[Date "2006.07.23"]
[Round "5"]
[White "BaroneRosso"]
[Black "Gregorio"]
[Result "1-0"]
[WhiteElo "2094"]
[BlackElo "2131"]
[TimeControl "2700+45"]

1. d4 Nf6 2. c4 g6 3. Nc3 d5 4. cxd5 Nxd5 5. e4 Nxc3 6. bxc3 Bg7 7. Nf3 c5 8.
Rb1 O-O 9. Be2 Nc6 10. d5 Ne5 11. Nxe5 Bxe5 12. Qd2 Qa5 13. Rb3 b6 14. f4 c4 15.
Ra3 Bxc3 16. Qxc3 Qxc3+ 17. Rxc3 b5 18. Kf2 Bb7 19. a4 a6 20. Ba3 Rfe8 21. Rb1
e6 22. axb5 axb5 23. Rxb5 Ba6 24. Rc5 exd5 25. exd5 Re4 26. g3 Rae8 27. Bf3 Rd4
28. Bc1 f5 29. Be3 Rd3 30. Rxd3 cxd3 31. Bd2 {Black resigns} 1-0  aics%

[Event "Team 45 45 League T31"]
[Site "Internet Chess Club"]
[Date "2006.07.21"]
[Round "5"]
[White "baumhauer"]
[Black "matein7"]
[Result "1-0"]
[WhiteElo "2030"]
[BlackElo "1933"]
[TimeControl "2700+45"]

1. d4 Nf6 2. c4 e6 3. g3 d5 4. Bg2 Be7 5. b3 Ne4 6. Nf3 Bb4+ 7. Nbd2 Bc3 8. Rb1
Qf6 9. e3 c5 10. O-O cxd4 11. Nxe4 dxe4 12. Nxd4 Bxd4 13. exd4 Qg6 14. Ba3 f5
15. f3 f4 16. gxf4 exf3 17. Rxf3 Nc6 18. Rb2 Qf6 19. Rd2 Ne7 20. d5 exd5 21. Re3
Qb6 22. Rd4 O-O 23. Bxe7 Bg4 24. Bxd5+ Kh8 25. Qd2 Rf5 26. Be6 Rxf4 27. c5 Rxd4
28. Qxd4 Qxe6 29. Rxe6 Bxe6 30. Qe4 {Black resigns} 1-0  aics%

[Event "Team 45 45 League T31"]
[Site "Internet Chess Club"]
[Date "2006.07.21"]
[Round "5"]
[White "camembert"]
[Black "Simonside"]
[Result "1/2-1/2"]
[WhiteElo "1913"]
[BlackElo "1948"]
[TimeControl "2700+45"]

1. d4 d5 2. c4 e6 3. Nc3 c5 4. cxd5 cxd4 5. Qa4+ Bd7 6. Qxd4 exd5 7. Qxd5 Nc6 8.
Nf3 Nf6 9. Qd1 Bc5 10. e3 Qe7 11. Be2 O-O-O 12. O-O g5 13. b4 g4 14. Nd4 Bxb4
15. Qb3 Nxd4 16. exd4 Be6 17. Qc2 Qc7 18. Bb2 Kb8 19. a3 Bd6 20. g3 Nd5 21. Rfc1
f5 22. Qd2 Nxc3 23. Bxc3 Qg7 24. Qb2 Bd5 25. Rab1 h5 26. Bb4 Bxb4 27. Qxb4 Be4
28. Rb2 Qxd4 29. Qxd4 Rxd4 30. Kf1 h4 31. Rd1 hxg3 32. fxg3 Ra4 33. Bd3 Bf3 34.
Re1 Be4 35. Bxe4 fxe4 36. Re3 b6 37. Kg2 Rc4 38. Rbe2 Re8 39. h3 gxh3+ 40. Kxh3
Kc7 41. g4 Kd6 42. g5 Ke5 43. Kg4 b5 44. g6 Kf6 45. Kf4 Kxg6 46. Rxe4 Rcxe4+ 47.
Rxe4 Kf7 48. Rxe8 Kxe8 49. Ke5 Kd7 50. Kd5 Kc7 51. Kc5 a6 52. a4 {Game drawn by
mutual agreement} 1/2-1/2  aics%

[Event "Team 45 45 League T31"]
[Site "Internet Chess Club"]
[Date "2006.07.23"]
[Round "5"]
[White "room-matt"]
[Black "ikalel"]
[Result "1-0"]
[WhiteElo "1940"]
[BlackElo "1865"]
[TimeControl "2700+45"]

1. e4 e5 2. Bc4 Nf6 3. d3 Nc6 4. Nc3 Bc5 5. f4 d6 6. Nf3 Bg4 7. Na4 O-O 8. h3
Bxf3 9. Qxf3 a6 10. Nxc5 dxc5 11. Be3 Qe7 12. a3 b5 13. Ba2 Nd4 14. Qf2 Nxe4 15.
dxe4 exf4 16. Bxf4 Qxe4+ 17. Kf1 Nxc2 18. Rd1 Rad8 19. Rxd8 Rxd8 20. Kg1 Qe1+
21. Qxe1 Nxe1 22. Kh2 Re8 23. Bxc7 Nc2 24. Bb1 Re2 25. Rd1 g6 26. Bxc2 Rxc2 27.
Rd8+ Kg7 28. Be5+ {Black resigns} 1-0  aics%

[Event "Team 45 45 League T31"]
[Site "Internet Chess Club"]
[Date "2006.07.23"]
[Round "5"]
[White "NFork"]
[Black "reinaroja"]
[Result "1-0"]
[WhiteElo "2164"]
[BlackElo "2142"]
[TimeControl "2700+45"]

1. e4 e5 2. Nf3 Nc6 3. Bb5 a6 4. Ba4 d6 5. Bxc6+ bxc6 6. d4 f6 7. O-O Bg4 8. c3
Ne7 9. Be3 Ng6 10. Qa4 Qd7 11. Nbd2 Be7 12. h3 Be6 13. Rfd1 O-O 14. Nb3 Qe8 15.
Ne1 f5 16. exf5 Rxf5 17. dxe5 dxe5 18. Nd3 Bd5 19. c4 Bxg2 20. Kxg2 Nh4+ 21. Kf1
Qg6 22. Ke2 Rd8 23. c5 Nf3 24. Qg4 Qf7 25. Ne1 Rf8 26. Nxf3 Rxf3 27. Rf1 Rf4 28.
Qg2 Qc4+ 29. Ke1 Rf3 30. Nd2 Rxe3+ 31. fxe3 Bh4+ 32. Kd1 Rd8 33. Rf2 Bxf2 34.
Qxf2 Qxc5 35. Rc1 Qd5 36. b3 Qh1+ 37. Kc2 Qxh3 38. Kb2 Qd7 39. Ne4 h6 40. Rg1
Kh8 41. Qg3 g5 42. Qxe5+ Qg7 43. Nf6 Rf8 44. Rf1 h5 45. Qf5 h4 46. e4 Qh6 47. e5
g4 48. Kb1 g3 49. Qg4 c5 50. Rf5 h3 51. Rh5 Rxf6 52. exf6 {Black resigns} 1-0 
aics%

[Event "Team 45 45 League T31"]
[Site "Internet Chess Club"]
[Date "2006.07.23"]
[Round "5"]
[White "aksuw"]
[Black "Vitruvian"]
[Result "1-0"]
[WhiteElo "1813"]
[BlackElo "1931"]
[TimeControl "2700+45"]

1. Nf3 f5 2. d4 e6 3. c4 Nf6 4. Nc3 c6 5. Bf4 d5 6. e3 Be7 7. Bd3 O-O 8. O-O Ne4
9. Bxe4 fxe4 10. Ne5 Nd7 11. Rc1 Qe8 12. a3 a6 13. Nxd7 Bxd7 14. Na4 b5 15. Nb6
Ra7 16. cxd5 cxd5 17. Qc2 Rb7 18. Nxd7 Qxd7 19. Qc6 a5 20. Qxd7 Rxd7 21. Rc6 b4
22. a4 Kf7 23. b3 Re8 24. Rfc1 Ra7 25. Rc7 Rea8 26. Rxa7 Rxa7 27. Rc7 Ra8 28.
Be5 Ra6 29. Bxg7 Kxg7 30. Rxe7+ Kg6 31. Rc7 h5 32. f3 exf3 33. gxf3 Kf5 34. Rc5
Kf6 35. h4 Kf5 36. Kf2 Kf6 37. e4 dxe4 38. fxe4 Kg6 39. Ke3 Ra8 40. d5 exd5 41.
exd5 Kf5 42. Kd4 Kg4 43. d6 Kxh4 44. Ke5 {Black resigns} 1-0  aics%

[Event "Team 45 45 League T31"]
[Site "Internet Chess Club"]
[Date "2006.07.23"]
[Round "5"]
[White "rayonline53"]
[Black "bahus"]
[Result "0-1"]
[WhiteElo "1622"]
[BlackElo "1935"]
[TimeControl "2700+45"]

1. e4 e5 2. Nf3 Nc6 3. Bb5 a6 4. Ba4 Nf6 5. O-O Be7 6. Re1 b5 7. Bb3 O-O 8. c3
d5 9. exd5 Nxd5 10. Nxe5 Nxe5 11. Rxe5 c6 12. d4 Bd6 13. Re1 Qh4 14. g3 Qh3 15.
Qf3 Bg4 16. Qg2 Qh5 17. Nd2 Rae8 18. Rxe8 Rxe8 19. f3 Bh3 20. Qf2 f5 21. Nf1 Kh8
22. Ne3 f4 23. Nxd5 fxg3 24. hxg3 cxd5 25. Bd2 Rf8 26. f4 g5 27. Bd1 Qh6 28. Bf3
gxf4 29. Qe2 Qg6 30. g4 Bxg4 31. Kf2 Bxf3 32. Qxf3 Qc2 33. Qe2 Qe4 34. Qh5 Rg8
35. Rg1 Rxg1 36. Kxg1 Qg6+ 37. Qxg6 hxg6 38. Kg2 Kg7 39. Kf3 Kf6 40. Bxf4 Bxf4
41. Kxf4 a5 42. Kg4 g5 43. b3 a4 44. Kf3 axb3 45. axb3 Kf5 46. Kg3 Ke4 47. Kg4
Kd3 48. c4 bxc4 49. b4 Kxd4 {White resigns} 0-1  aics%

[Event "Team 45 45 League T31"]
[Site "Internet Chess Club"]
[Date "2006.07.25"]
[Round "5"]
[White "rgadoury"]
[Black "Mississippian"]
[Result "1-0"]
[WhiteElo "1361"]
[BlackElo "1357"]
[TimeControl "2700+45"]

1. e4 d6 2. Nf3 g6 3. d4 Bg7 4. Bc4 c5 5. dxc5 Qa5+ 6. c3 Qxc5 7. Nbd2 Nf6 8.
Bd3 e5 9. O-O O-O 10. Re1 d5 11. Nb3 Qc7 12. h3 b6 13. exd5 Nxd5 14. Be4 Rd8 15.
Qe2 Ba6 16. Bd3 Nb4 17. Bxa6 N4xa6 18. a4 Nc5 19. Nxc5 Qxc5 20. Qe4 Nd7 21. Bg5
f6 22. Be3 Qc7 23. g4 Nc5 24. Qc4+ Kh8 25. Bxc5 Bf8 26. b4 bxc5 27. b5 Rd7 28.
Rad1 Rxd1 29. Rxd1 f5 30. gxf5 gxf5 31. Qe6 Qg7+ 32. Kf1 e4 33. Ne5 h6 34. Rd7
{Black resigns} 1-0  aics%

[Event "Team 45 45 League T31"]
[Site "Internet Chess Club"]
[Date "2006.07.24"]
[Round "5"]
[White "moreffee"]
[Black "schweppz"]
[Result "1-0"]
[WhiteElo "1382"]
[BlackElo "1333"]
[TimeControl "2700+45"]

1. Nf3 b6 2. e4 d5 3. Nc3 d4 4. Nb5 Ba6 5. Nbxd4 Bxf1 6. Rxf1 c5 7. Nf5 g6 8.
Ne3 Bg7 9. c3 Nd7 10. d4 Qc7 11. Nd5 Qd6 12. Bf4 e5 13. dxe5 Bxe5 14. Nxe5 Nxe5
15. Qa4+ Kf8 16. O-O-O Qc6 17. Qxc6 Nxc6 18. Bd6+ Nge7 19. Nxe7 Nxe7 20. Rd2 Ke8
21. Rfd1 Nc6 22. Bg3 Rd8 23. Rxd8+ Nxd8 24. Be5 Rg8 25. Bf6 Ne6 26. f4 h5 27. f5
gxf5 28. exf5 Rxg2 29. fxe6 fxe6 30. h4 Kf7 31. Bg5 e5 32. Rd7+ Ke6 33. Rxa7 e4
34. Ra6 Kd5 35. Rxb6 Kc4 36. Rd6 Rg1+ 37. Rd1 Rxd1+ 38. Kxd1 Kd3 39. Ke1 e3 40.
Bxe3 Kxe3 41. a4 Ke4 42. a5 Kd5 43. a6 Kc6 44. Kd2 Kb6 45. a7 Kxa7 46. Kd3 Kb6
47. Kc4 Kc6 48. b3 Kb6 49. Kd5 Kb5 50. Ke5 c4 51. bxc4+ Kxc4 52. Kf5 Kxc3 53.
Kg5 Kd4 54. Kxh5 Ke5 55. Kg6 Ke6 56. Kg7 Kf5 57. h5 Kg5 58. h6 {Black resigns}
1-0  aics%

[Event "Team 45 45 League T31"]
[Site "Internet Chess Club"]
[Date "2006.07.22"]
[Round "5"]
[White "JimGaming"]
[Black "Tom45"]
[Result "0-1"]
[WhiteElo "1310"]
[BlackElo "1214"]
[TimeControl "2700+45"]

1. e4 e5 2. Nf3 Nc6 3. Bb5 Nf6 4. O-O Be7 5. Re1 a6 6. Bxc6 bxc6 7. Nxe5 Bb7 8.
d4 d6 9. Nf3 c5 10. Nbd2 cxd4 11. Nxd4 O-O 12. Nf5 Qd7 13. g4 h6 14. h3 Rae8 15.
Ng3 c5 16. c4 Bd8 17. f3 Bc7 18. b3 d5 19. Kg2 Bxg3 20. Kxg3 dxe4 21. f4 e3 22.
Nf1 Qxd1 23. Rxd1 e2 24. Re1 exf1=Q 25. Rxf1 Ne4+ 26. Kh4 g5+ 27. fxg5 hxg5+ 28.
Bxg5 Nxg5 29. Kxg5 Re5+ 30. Rf5 f6+ 31. Kg6 Be4 32. h4 Bxf5+ 33. gxf5 Re4 34. h5
Rg4+ 35. Kh6 Rg5 36. Re1 Rxf5 37. Rg1+ Rg5 38. Rxg5+ fxg5 39. Kxg5 Kh7 40. a3
Rf3 41. b4 cxb4 42. axb4 Rb3 43. Kf6 Rxb4 44. c5 Rc4 45. Ke6 Rxc5 {White
resigns} 0-1  aics%

[Event "Team 45 45 League T31"]
[Site "Internet Chess Club"]
[Date "2006.07.24"]
[Round "5"]
[White "Riddari"]
[Black "Cataclysm"]
[Result "0-1"]
[WhiteElo "1148"]
[BlackElo "1232"]
[TimeControl "2700+45"]

1. e4 e5 2. Nf3 d6 3. Nc3 Nf6 4. Bc4 Be7 5. h3 c6 6. O-O O-O 7. Re1 b5 8. Bb3
Qb6 9. a3 Ba6 10. d3 Nbd7 11. Be3 Qb7 12. Ne2 d5 13. exd5 Nxd5 14. Bg5 Bxg5 15.
Nxg5 N7f6 16. Ng3 Rae8 17. N5e4 Qe7 18. Nf5 Qc7 19. Nc5 Bc8 20. Ne3 e4 21. dxe4
Nxe4 22. Nxe4 Rxe4 23. Nxd5 Rxe1+ 24. Qxe1 cxd5 25. Qe2 Qd7 26. Rd1 Re8 27. Qd3
d4 28. c3 Re7 29. cxd4 Bb7 30. d5 Re5 31. Qd4 Qf5 32. Qxa7 Qc8 33. d6 Bf3 34. d7
Qd8 35. Qc7 Re1+ 36. Kh2 Qxc7+ 37. g3 Rxd1 {White resigns} 0-1  aics%

[Event "Team 45 45 League T31"]
[Site "Internet Chess Club"]
[Date "2006.07.22"]
[Round "5"]
[White "guyd52"]
[Black "Mutaant"]
[Result "1-0"]
[WhiteElo "1347"]
[BlackElo "1419"]
[TimeControl "2700+45"]

1. Nf3 Nc6 2. g3 e5 3. d3 Bc5 4. c4 d6 5. a3 Bg4 6. Bg2 Nf6 7. O-O h6 8. b4 Bb6
9. Bb2 a6 10. Nbd2 Qd7 11. Qe1 O-O 12. Qc1 Rae8 13. Qc2 Qe6 14. Rfe1 Re7 15. e3
Qf5 16. Nh4 Qe6 17. Nhf3 Rfe8 18. Bc3 Nh7 19. Nh4 Qf6 20. Bxc6 bxc6 21. Ne4 Qe6
22. Qa4 g5 23. Ng2 Bf3 24. Nd2 e4 25. Qxc6 Nf6 26. Nxf3 exf3 27. Qxf3 Ng4 28. h3
Ne5 29. Bxe5 dxe5 30. Qh5 Kg7 31. Kh2 Rd8 32. Rad1 Red7 33. c5 Ba7 34. d4 exd4
35. exd4 Qb3 36. Qe2 Qxa3 37. Qc4 Bb8 38. Ne3 Qb2 39. Nc2 f5 40. Ra1 Rxd4 41.
Nxd4 Rxd4 42. Re7+ Kh8 43. Re8+ {Black resigns} 1-0  aics%

[Event "Team 45 45 League T31"]
[Site "Internet Chess Club"]
[Date "2006.07.23"]
[Round "5"]
[White "klassact"]
[Black "Conjurer"]
[Result "1-0"]
[WhiteElo "1337"]
[BlackElo "1315"]
[TimeControl "2700+45"]

1. e4 c5 2. Nf3 d6 3. d4 cxd4 4. Nxd4 Nf6 5. Nc3 a6 6. a4 e5 7. Nb3 Be7 8. Bd3
O-O 9. O-O Be6 10. Nd5 Nxd5 11. exd5 Bxd5 12. Bxh7+ Kxh7 13. Qxd5 Nd7 14. Qxb7
Nf6 15. Qf3 Qd7 16. Bg5 Rh8 17. Rfd1 Rac8 18. Rd2 Kg8 19. Bxf6 Bxf6 20. Qd3 Rc6
21. Qd5 Bg5 22. Re2 Bf4 23. g3 Bg5 24. Qg2 Rc4 25. Rd1 Rxa4 26. Nc5 Qb5 27. Nxa4
Qxe2 28. Rxd6 Qe1+ 29. Qf1 Qb4 30. Rxa6 Qg4 31. Ra8+ Kh7 32. Rxh8+ Kxh8 33. Nc3
Qb4 34. Qh3+ Kg8 35. Qc8+ Qf8 36. Qxf8+ Kxf8 37. Nd5 Ke8 38. f3 Kd7 39. Kf1 Kc6
40. Nb4+ Kb5 41. c3 Kc4 42. Ke2 Kb3 43. Kd3 Kxb2 44. Kc4 Bd2 45. Nd5 Ka3 46. Kd3
Bg5 47. c4 Ka4 48. h4 Bd8 49. f4 exf4 50. Nxf4 Bc7 51. Kd4 Ka5 52. Kd5 Kb6 53.
c5+ Kb5 54. c6 Bb8 55. h5 Bc7 56. Ne2 Bb8 57. g4 Bc7 58. g5 Bd8 59. h6 gxh6 60.
gxh6 Bf6 61. c7 {Black resigns} 1-0  aics%

[Event "Team 45 45 League T31"]
[Site "Internet Chess Club"]
[Date "2006.07.23"]
[Round "5"]
[White "Havoc"]
[Black "juanhernandez"]
[Result "1-0"]
[WhiteElo "1479"]
[BlackElo "1449"]
[TimeControl "2700+45"]

1. e4 e5 2. Nf3 Nc6 3. d4 exd4 4. Bc4 Bc5 5. c3 dxc3 6. Bxf7+ Kxf7 7. Qd5+ Ke8
8. Qxc5 cxb2 9. Bxb2 Nf6 10. O-O d6 11. Qc4 Bg4 12. Nbd2 Rf8 13. Rfe1 Kd7 14. e5
dxe5 15. Nxe5+ Nxe5 16. Bxe5 Be6 17. Qa4+ c6 18. Red1 Bd5 19. Nb3 Qb6 20. Bxf6
Rxf6 21. Rxd5+ Kc7 22. Rc5 a5 23. Re1 Qa6 24. Re7+ Kd6 25. Rxg7 Raf8 26. Qd4+
{Black resigns} 1-0  aics%